 Dungeon Crawl Stone Soup version 0.31-a0-236-g9a0961fb85 (webtiles) character file.

Game seed: 17007700814074599119

16 holysushi the Insei (level 2, 16/18 HPs)
             Began as an Octopode Transmuter on July 10, 2023.
             Quit the game on level 1 of the Dungeon.
             The game lasted 00:01:31 (632 turns).

holysushi the Insei (Octopode Transmuter)            Turns: 632, Time: 00:01:32

Health: 16/18      AC:  1    Str:  9    XL:     2   Next: 58%
Magic:  5/5        EV: 13    Int: 15    God:
Gold:   40         SH:  0    Dex: 12    Spells: 4/5 levels left

rFire   . . .        e - +2 dagger (venom)
rCold   . . .        (no shield)
rNeg    . . .        (helmet restricted)
rPois   .            (no amulet)
rElec   .            (no ring)
rCorr   .            (no ring)
SInv    .            (no ring)
Will    .....        (no ring)
Stlth   ++           (no ring)
HPRegen 0.23/turn    (no ring)
MPRegen 0.09/turn    (no ring)
                     (no ring)

%: no passive effects
@: no status effects
A: almost no armour, amphibious, 8 rings, camouflage 1, gelatinous body 1,
(nimble swimmer 1), tentacles
a: no special abilities


You were on level 1 of the Dungeon.
You visited 1 branch of the dungeon, and saw 1 of its levels.

You collected 40 gold pieces.

Inventory:

Hand Weapons
 e - a +2 dagger of venom (weapon)
Scrolls
 c - 2 scrolls of teleportation {unknown}
 d - a scroll of enchant armour {unknown}
 f - a scroll of immolation {unknown}
 g - a scroll of blinking {unknown}
Potions
 a - 2 potions of lignification
 b - a potion of heal wounds {unknown}


   Skills:
 - Level 1.2 Fighting
 + Level 2.6 Dodging
 - Level 3.1 Unarmed Combat
 - Level 2.0 Spellcasting
 - Level 2.1 Transmutations


You had 4 spell levels left.
You knew the following spells:

 Your Spells              Type           Power      Damage    Failure   Level
a - Beastly Appendage     Tmut           14%        N/A       10%         1

Your spell library contained the following spells:

 Spells                   Type           Power      Damage    Failure   Level
 Wereblood                Tmut           7%         N/A       14%         2
 Spider Form              Tmut/Pois      4%         N/A       41%         3
 Ice Form                 Ice/Tmut       4%         N/A       82%         4


Dungeon Overview and Level Annotations

Branches:
Dungeon (1/15) Zot: 5368

Altars:
Okawaru

Shops:
D:1 :


Innate Abilities, Weirdness & Mutations

You cannot wear most types of armour.
You are amphibious.
You can wear up to eight rings at the same time.
Your skin changes colour to match your surroundings (Stealth+).
Your rubbery body absorbs attacks. (AC +1, EV +1)
((You are camouflaged when in or above water. (Stealth+)))
You have tentacles for arms and can constrict up to eight enemies at once.


Message History

You now have 26 gold pieces (gained 4).
A dart slug comes into view.
Found Zocewk's Book Emporium.
A dart slug is nearby!
A dart slug is nearby!
A dart slug is nearby!
A ball python comes into view.
Found a stone staircase leading down.
You enter the shallow water.
The ball python hisses angrily.
You hit the ball python.
The ball python is poisoned.
Your grab misses the ball python.
The ball python is heavily wounded.
You kill the ball python!
You enter the deep water.
The helpless dart slug fails to defend itself.
You hit the dart slug.
The dart slug is poisoned.
You grab the dart slug. You tentacle-slap the dart slug.
You squeeze the dart slug.
You kill the dart slug!
No target in view!
There is an entrance to Zocewk's Book Emporium here.
You can access your shopping list by pressing '$'.
Unknown command.
You enter the deep water.
You now have 40 gold pieces (gained 14).
You enter the shallow water.
There is a stone staircase leading down here.
A kobold comes into view. It is wielding a +0 whip.
Found 9 gold pieces.
The kobold throws a stone.
The stone hits you but does no damage.
A kobold is nearby!
A kobold is nearby!
A kobold is nearby!
The kobold throws a stone.
The stone hits you. The kobold hits you with a +0 whip.
You barely miss the kobold. You grab the kobold. You constrict the kobold.
The kobold misses you.
You hit the kobold.
You kill the kobold!
Are you sure you want to abandon this character and quit the game? (Confirm with "yes".)

#..(.........# #.##########.# ##
#.# #.# #. #.# #.# #. #.# #.# #.
##'##########.# #.
....†.........# ################.
....#.###########................
....#.# ....$..@....###########.
....#.###.#####)..#### #.
........# #....### #. .#.##.#)#
##..## #. .#......#.##.. #.
.####.###.... #. ............ #.
##....#.#.## #.##...#.#


There were no monsters in sight!

Vanquished Creatures
  A dart slug (D:1)
  A ball python (D:1)
  2 giant cockroaches (D:1)
  A goblin (D:1)
  3 hobgoblins (D:1)
  A quokka (D:1)
  A frilled lizard (D:1)
  2 kobolds (D:1)
  A rat (D:1)
13 creatures vanquished.

Notes
Turn   | Place    | Note
-------+----------+-------------------------------------------
     0 | D:1      | holysushi the Octopode Transmuter began the quest for the
                  | Orb.
     0 | D:1      | Reached XP level 1. HP: 13/13 MP: 3/3
    13 | D:1      | Found an iron altar of Okawaru.
   297 | D:1      | Reached XP level 2. HP: 12/18 MP: 5/5
   576 | D:1      | Found Zocewk's Book Emporium.
   632 | D:1      | Quit the game

Illustrated notes

Levels and vault maps discovered:
D:1:      dpeg_arrival_water_altar, layout_basic, serial_shops,
          nicolae_shop_rolled_up, nicolae_shop_hallway_stairs,
          nicolae_shop_waterfront, nicolae_square_shop,
          chequers_serial_rivers_small_b

Action                     || total
---------------------------++-------
  Melee: Unarmed           ||     8
         Kick              ||     4
         Constrict         ||     7
         Dagger            ||    13
         Tentacles         ||     3
         Punch             ||     2
   Cast: Beastly Appendage ||     3
   Stab: Sleeping          ||     1
 Armour: Skin              ||     2
  Dodge: Dodged            ||     6

Table legend: (Time is in decaauts)
 A = Elapsed time spent in this place.
 B = Non-inter-level travel time spent in this place.
 C = Inter-level travel time spent in this place.
 D = Time resting spent in this place.
 E = Time spent auto-exploring this place.
 F = Levels seen in this place.
 G = Mean time per level.
                   A        B        C        D        E       F      G
               +--------+--------+--------+--------+--------+-----+--------+
         Total |    631 |    631 |      0 |    114 |    367 |   1 |  631.0 |
       Dungeon |    631 |    631 |      0 |    114 |    367 |   1 |  631.0 |
               +--------+--------+--------+--------+--------+-----+--------+

Top non-repeatable levels by time:
     D:1: 631 daAuts
